 Dungeon Crawl Stone Soup version 0.24.0-13-gcf9b3192b9 (webtiles) character file.

Game seed: 4459078838573180868, levelgen mode: deterministic

30 Acheron the Grave Robber (level 3, -3/19 HPs)
             Began as a Gargoyle Necromancer on Nov 6, 2019.
             Killed by divine providence
             ... invoked by an orc priest
              (11 damage)
             ... on level 3 of the Dungeon.
             The game lasted 00:10:29 (1758 turns).

Acheron the Grave Robber (Gargoyle Necromancer)     Turns: 1758, Time: 00:10:32

Health: -3/19      AC:  7    Str: 11    XL:     3   Next: 18%
Magic:  4/6        EV: 11    Int: 16    God:
Gold:   37         SH:  0    Dex: 10    Spells: 5/7 levels left

rFire    . . .     SeeInvis .   f - +0 hand axe
rCold    . . .     Gourm    .   (no shield)
rNeg     + . .     Faith    .   g - +1 leather armour
rPois    ∞         Spirit   .   (no helmet)
rElec    +         Reflect  .   (no cloak)
rCorr    .         Harm     .   (no gloves)
MR       .....                  (no boots)
Stlth    ++........             (no amulet)
HPRegen  0.06/turn              (no ring)
MPRegen  0.10/turn              (no ring)

@: no status effects
A: negative energy resistance 1, electricity resistance, unbreathing,
petrification resistance, rot immunity, AC +3
a: no special abilities


You were on level 3 of the Dungeon.
You were not hungry.

You visited 1 branch of the dungeon, and saw 5 of its levels.

You collected 91 gold pieces.
You spent 54 gold pieces at shops.

Inventory:

Hand Weapons
 f - a +0 hand axe (weapon)
Missiles
 e - 51 stones (quivered)
Armour
 a - a +0 robe
 g - a +1 leather armour (worn)
 j - a +0 ring mail
Jewellery
 d - a +2 ring of evasion {unknown}
Scrolls
 i - 3 scrolls of identify
Potions
 b - a potion of magic {unknown}
 h - a potion of heal wounds {unknown}
 k - a potion of haste {unknown}
 l - 2 potions of curing
Comestibles
 c - 3 rations
 m - 2 chunks of flesh


   Skills:
 + Level 0.7 Armour
 + Level 1.7 Dodging
 + Level 2.2 Stealth
 + Level 0.2 Unarmed Combat
 + Level 2.5 Spellcasting
 + Level 3.6 Necromancy


You had 5 spell levels left.
You knew the following spells:

 Your Spells              Type           Power        Failure   Level  Hunger
a - Pain                  Necr           ##..         6%          1    #......
b - Animate Skeleton      Necr           N/A          6%          1    #......

Your spell library contained the following spells:

 Spells                   Type           Power        Failure   Level  Hunger
 Vampiric Draining        Necr           ##........   19%         3    ###....
 Regeneration             Chrm/Necr      #.........   36%         3    ###....
 Animate Dead             Necr           N/A          52%         4    #####..


Dungeon Overview and Level Annotations

Branches:
Dungeon (5/15)
 Temple: D:4-7

Altars:
Dithmenos

Shops:
D:4 *

Annotations:
D:2 Terence
D:3 Grinder


Innate Abilities, Weirdness & Mutations

You are resistant to torment.
Your stone body is resilient. (AC +3)
You are immune to poison.
You resist negative energy. (rN+)
You are resistant to electric shocks. (rElec)
You can survive without breathing.
You are immune to petrification.
You are immune to rotting.


Message History

Your rat skeleton is destroyed!
Found 15 stones and a ration.
The orc hits you from afar with a +0 trident!
Something bites your leopard gecko skeleton.
Your leopard gecko skeleton bites the orc but does no damage.
The orc hits your leopard gecko skeleton with a cursed +0 hand axe.
Your leopard gecko skeleton bites the orc.
Something bites your leopard gecko skeleton.
Something hits your leopard gecko skeleton.
Your leopard gecko skeleton is destroyed!
An orc priest and an orc wizard come into view.
The orc wizard shouts!
The orc barely misses you.
You hit the orc.
The orc is moderately wounded.
The orc barely misses you. x2
The orc priest invokes the aid of Beogh against you.
Beogh smites you!
Ouch! That really hurt!
You die...

..r.....o...# #...).#..###.....
............#####..........r.####
..##..##..#..l..†.......###### ..
#..................#..### ## .
..........#(###.....##...## #.
..........#.###.....####..####.
...................####.......
.....#.........##.###...#####.
...#...o..o@.o.r.o......(... ..
#..o<.........#########..
.....................w..†.##
.............###......###>.#
######..#.#### ######.####.#
##...# ......... ....# ###.#####
....[. # ..... #


You could see an orc priest, an orc wizard, 3 orcs and a quokka.

Vanquished Creatures
  A shadow imp (D:4)
  2 leopard geckos (D:3)
  A giant cockroach (D:1)
  3 goblins
  2 hobgoblins
  A ball python (D:1)
  4 bats
  A frilled lizard (D:4)
  2 kobolds
  6 rats
23 creatures vanquished.

Notes
Turn   | Place    | Note
-------+----------+-------------------------------------------
     0 | D:1      | Acheron the Gargoyle Necromancer began the quest for the
                  | Orb.
     0 | D:1      | Reached XP level 1. HP: 10/10 MP: 3/3
   649 | D:1      | Reached XP level 2. HP: 14/15 MP: 1/5
   773 | D:2      | Found a shadowy altar of Dithmenos.
   785 | D:2      | Learned a level 1 spell: Animate Skeleton
   861 | D:2      | Noticed Terence
  1168 | D:4      | Found Retu's Assorted Antiques.
  1174 | D:4      | Bought a blue potion for 18 gold pieces
  1174 | D:4      | Bought a lumpy blue potion for 18 gold pieces
  1174 | D:4      | Bought a lumpy blue potion for 18 gold pieces
  1213 | D:5      | Entered Level 5 of the Dungeon
  1559 | D:3      | Noticed Grinder
  1598 | D:3      | Reached XP level 3. HP: 15/19 MP: 2/6
  1758 | D:3      | Killed from afar by an orc priest

Levels and vault maps discovered:
D:1:      mrwooster_arrival_statue_3, layout_basic, serial_rivers,
          chequers_serial_rivers_marsh, chequers_serial_rivers_micro_d,
          chequers_serial_rivers_micro_e, chequers_serial_rivers_micro_a,
          chequers_serial_rivers_micro_e
D:2:      layout_basic, marbit_many_paths, overflow_temple_1_default,
          kennysheep_jessica_study, uniq_terence, uniq_jessica, uniq_sigmund
D:3:      layout_rooms, uniq_grinder
D:4:      layout_basic, lemuel_doored_altar, temple_green, serial_shops, shop,
          shop_statue, shop, shop, chequers_serial_rivers_room_b
D:5:      layout_loops_ring, first_ration, serial_shops, nicolae_shop_trees

Action                   || total
-------------------------++-------
Melee: Hand axe          ||    18
       Unarmed           ||     3
 Cast: Pain              ||    38
       Animate Skeleton  ||     5
  Use: Scroll            ||     3
       Potion            ||     1
  Eat: Chunk             ||     3
Armor: Leather armour    ||    19
Dodge: Dodged            ||    22
